 Dungeon Crawl Stone Soup version 0.31-a0-881-ge136f0c47a (webtiles) character file.

Game seed: 11222915206931433644

147 Darius099 the Chopper (level 5, -1/45 HPs)
             Began as a Minotaur Fighter on Oct 16, 2023.
             Slain by an iguana (7 damage)
             ... on level 5 of the Dungeon.
             The game lasted 00:10:07 (2928 turns).

Darius099 the Chopper (Minotaur Fighter)            Turns: 2928, Time: 00:10:08

Health: -1/45      AC:  5    Str: 29    XL:     5   Next: 8%
Magic:  4/4        EV: 10    Int:  5    God:
Gold:   201        SH:  4    Dex:  9    Spells: 4/4 levels left

rFire   . . .        a - +0 war axe
rCold   . . .        c - +0 buckler
rNeg    + . .        q - +0 ring mail "Leul" {Str+6}
rPois   .            (helmet restricted)
rElec   .            (no cloak)
rCorr   .            (no gloves)
SInv    .            (no boots)
Will    .....        (no amulet) Stlth
                     f - ring of positive energy
HPRegen 0.27/turn    (no ring)
MPRegen 0.09/turn

%: no passive effects
@: lethally poisoned (-1 -> -7)
A: horns 2, retaliatory headbutt
a: no special abilities


You were on level 5 of the Dungeon.
You visited 2 branches of the dungeon, and saw 6 of its levels.

You collected 201 gold pieces.

Inventory:

Hand Weapons
 a - a +0 war axe (weapon)
Missiles
 l - 5 silver javelins
Armour
 c - a +0 buckler (worn)
 q - the +0 ring mail "Leul" (worn) {Str+6}
   (You found it on level 3 of the Dungeon)

   Str+6:     It affects your strength (+6).
Jewellery
 f - a ring of positive energy (left hand)
Scrolls
 g - 2 scrolls of fog {unknown}
 h - a scroll of poison {unknown}
 m - 2 scrolls of immolation {unknown}
 o - 2 scrolls of teleportation {unknown}
 p - 3 scrolls of vulnerability {unknown}
Potions
 b - a potion of resistance {unknown}
 d - a potion of might
 e - a potion of heal wounds {unknown}
 i - a potion of lignification {unknown}
 j - 4 potions of brilliance {unknown}
 k - 2 potions of curing {unknown}
 n - a potion of mutation {unknown}
 r - a potion of haste {unknown}


   Skills:
 - Level 3.6 Fighting
 + Level 6.4 Axes
 - Level 3.6 Armour
 - Level 3.6 Shields


You had 4 spell levels left.
You didn't know any spells.
Your spell library contained the following spells:

 Spells                   Type           Power      Damage    Failure   Level
 Apportation              Tloc           0%         N/A       65%         1
 Cigotuvi's Dreadful Rot  Necr/Pois/Air  0%         N/A       80%         2
 Ignite Poison            Fire/Tmut/Pois 0%         N/A       95%         3
 Freezing Cloud           Conj/Ice/Air   0%         6-21      100%        5


Dungeon Overview and Level Annotations

Branches:
Dungeon (5/15)             Temple (1/1) D:4

Altars:
Ashenzari
Cheibriados
Dithmenos
Elyvilon
Fedhas
Hepliaklqana
Makhleb
Qazlal
Trog
Wu Jian
Xom
Yredelemnul
Zin
The Shining One


Innate Abilities, Weirdness & Mutations

You have a pair of horns on your head.
You reflexively headbutt those who attack you in melee.


Message History

Done exploring.
There is a stone staircase leading down here.
You climb downwards.
You hear the hiss of flowing sand.
There is an entrance to an ossuary on this level.
Hurry and find it before the portal is buried!
There is a stone staircase leading up here.
There is a stone staircase leading up here.
You hear the slow hiss of an avalanche of sand nearby.
An iguana comes into view.
The iguana hisses angrily.
An adder comes into view.
The frilled lizard hisses angrily.
The adder hisses angrily.
The iguana bites you!
You barely miss the iguana. You headbutt the iguana.
The iguana is lightly wounded.
You miss the adder. The adder bites you. The iguana bites you!
You closely miss the iguana. Your headbutt misses the iguana.
The iguana is lightly wounded.
You closely miss the adder.
The adder bites you but does no damage. x2
You block the iguana's attack.
You hit the iguana.
The iguana is lightly wounded.
You closely miss the adder. The adder bites you.
You are poisoned.
The adder poisons you! You block the iguana's attack.
The adder bites you but does no damage.
You slash the iguana!
The iguana is severely wounded.
You closely miss the adder.
You feel sick. The iguana bites you!
* * * LOW HITPOINT WARNING * * *
The adder bites you.
* * * LOW HITPOINT WARNING * * *
You are lethally poisoned!
The adder poisons you!
You hit the iguana.
The iguana is almost dead.
You hit the adder.
* * * LOW HITPOINT WARNING * * *
You feel sick. The adder closely misses you. The iguana bites you!
You die...

#..# #.. #..# #..
#..# #.. #..# #..
#..# #.. #..#
#####..######..#
#.....S........##
#$l@........#
......###.#######
...#. #.# . # #..
##.# .# .#l .#~


You could see an iguana and an adder.

Vanquished Creatures
  2 jellies
  2 adders (D:4)
  2 worms
  2 dart slugs (D:1)
  4 bats
  5 endoplasms
  A giant cockroach (D:1)
  6 hobgoblins
  4 jackals (D:4)
  3 kobolds
  A quokka (D:2)
  9 ball pythons
  5 frilled lizards
  6 goblins
  5 rats
57 creatures vanquished.

Notes
Turn   | Place    | Note
-------+----------+-------------------------------------------
     0 | D:1      | Darius099 the Minotaur Fighter began the quest for the Orb.
     0 | D:1      | Reached XP level 1. HP: 19/19 MP: 0/0
   157 | D:1      | Reached skill level 3 in Axes
   159 | D:1      | Reached XP level 2. HP: 17/26 MP: 1/1
   463 | D:1      | Found a faded altar of an unknown god.
   899 | D:2      | Reached skill level 4 in Axes
  1064 | D:2      | Reached XP level 3. HP: 28/31 MP: 2/2
  1507 | D:3      | Found a bloodstained altar of Trog.
  1515 | D:3      | Got a parchment book
  1663 | D:3      | Reached skill level 5 in Axes
  1663 | D:3      | Reached XP level 4. HP: 32/39 MP: 3/3
  1699 | D:3      | Identified the +0 ring mail "Leul" {Str+6}
  1797 | D:3      | Found a hazy altar of Hepliaklqana.
  1799 | D:3      | Found a white marble altar of Elyvilon.
  1801 | D:3      | Found a blossoming altar of Fedhas.
  1820 | D:3      | Found a glowing golden altar of the Shining One.
  2165 | D:4      | Reached skill level 6 in Axes
  2310 | D:4      | Found a staircase to the Ecumenical Temple.
  2326 | Temple   | Entered the Ecumenical Temple
  2364 | D:4      | Reached XP level 5. HP: 18/45 MP: 4/4
  2545 | D:4      | Found a stormy altar of Qazlal.
  2869 | D:5      | Entered Level 5 of the Dungeon
  2928 | D:5      | Slain by an iguana

Illustrated notes

Levels and vault maps discovered:
D:1:      dpeg_arrival_stonehenge_8_columns, layout_loops_corners,
          shapermc_ecumenical_altar_gd, hex_tiny, hex_large
D:2:      layout_loops_ring, hangedman_decor_growths, minmay_bisected
D:3:      layout_loops_ring, gammafunk_temple_overflow_forgotten, trog_book,
          mainiacjoe_overflow_six_doors_small, amcnicky_mini_pool_small
D:4:      layout_cave_pools, lemuel_coloured_pillars_altar,
          minmay_temple_entry_grid, nrook_mini_backslash, minmay_misc_feat_x
D:5:      layout_basic, minitemple, serial_aquarium, aquarium_bridge_square
          [aquarium_subvault_wall, aquarium_subvault_wall,
          aquarium_subvault_bridge, aquarium_subvault_wall], aquarium_window_1,
          aquarium_window_fake, aquarium_window_1, aquarium_window_corridor_3,
          aquarium_view_2e, aquarium_balcony_1b,
          mainiacjoe_ossuary_entry_dusty_tomb, uniq_crazy_yiuf_cottage
Temple:   hellmonk_temple_of_storms

Skill      XL: |  1  2  3  4 |
---------------+-------------+-----
Axes           | 3 4 5 6 |  6.4
Fighting       | |  3.6
Armour         | |  3.6
Shields        | |  3.6

Action                     |  1- 3 |  4- 6 || total
---------------------------+-------+-------++-------
  Melee: War axe           |    81 |    38 ||   119
         Headbutt          |     8 |     4 ||    12
 Armour: Scale mail        |    48 |       ||    48
         Ring mail         |       |    31 ||    31
  Dodge: Dodged            |    30 |    10 ||    40
  Block: Buckler           |    23 |     7 ||    30

Table legend: (Time is in decaauts)
 A = Elapsed time spent in this place.
 B = Non-inter-level travel time spent in this place.
 C = Inter-level travel time spent in this place.
 D = Time resting spent in this place.
 E = Time spent auto-exploring this place.
 F = Levels seen in this place.
 G = Mean time per level.
                   A        B        C        D        E       F      G
               +--------+--------+--------+--------+--------+-----+--------+
         Total |   2962 |   2905 |     57 |    186 |   2095 |   6 |  493.7 |
       Dungeon |   2935 |   2878 |     57 |    186 |   2095 |   5 |  587.0 |
        Temple |     27 |     27 |      0 |      0 |      0 |   1 |   27.0 |
               +--------+--------+--------+--------+--------+-----+--------+

Top non-repeatable levels by time:
     D:1: 875 daAuts
     D:4: 697 daAuts
     D:3: 677 daAuts
     D:2: 625 daAuts
     D:5: 59 daAuts
  Temple: 27 daAuts
